Match 23828577
Unlisted

Match 23828577
End
Selects Italian Combined Arms Battlegroup
Selects Bersaglieri Squad
Bersaglieri Squad
Panzerpioneer Squad
Bersaglieri Squad
Bersaglieri Squad
Construct Light Support Kompanie
2.5-tonne Medical Truck
Bersaglieri Squad
Selects Bersaglieri Bolster
Panzerjäger Mechanized Group
Selects Semovente da 75/18 Assault Gun
Selects Carro Armato M13/40 Light Tank
Carro Armato M13/40 Light Tank
Selects Pact of Steel
Carro Armato M13/40 Light Tank
Carro Armato M13/40 Light Tank
Selects Breda Model 30 Light Machine Guns
Carro Armato M13/40 Light Tank
Semovente da 75/18 Assault Gun
Assault Mechanized Group
Carro Armato M13/40 Light Tank
Construct Mechanized Kompanie
Carro Armato M13/40 Light Tank
Bersaglieri Squad
Carro Armato M13/40 Light Tank
UH|XTC
UH|BluEskY
UH|dun! ツ
iceman
Tico
Jordon_S-aints
HOOKENE
无毁之湖光
0
0

Comments sign in to comment!

No comments posted yet!